 Dungeon Crawl Stone Soup version 0.19.0-18-g426998a (webtiles) character file.

3456 grisgris the Thaumaturge (level 9, -11/47 HPs)
             Began as a Deep Elf Conjurer on Nov 11, 2016.
             Was a Believer of Vehumet.
             Shot with an arrow by a centaur (13 damage)
             ... on level 9 of the Dungeon.
             The game lasted 00:29:53 (7856 turns).

grisgris the Thaumaturge (Deep Elf Conjurer)        Turns: 7856, Time: 00:29:54

Health: -11/47     AC:  8    Str:  5    XL:     9   Next: 78%
Magic:  21/26      EV: 14    Int: 24    God:    Vehumet [**....]
Gold:   405        SH:  0    Dex: 15    Spells: 7 memorised, 10 levels left

rFire  . . .     SeeInvis .     g - +1 dagger
rCold  . . .     Gourm    .     a - +0 robe
rNeg   . . .     Faith    .     (no shield)
rPois  +         Spirit   .     F - +1 hat
rElec  .         Reflect  .     w - +0 cloak
rCorr  .         Harm     .     (no gloves)
MR     .....                    v - +1 pair of boots
Stlth  +++.......               (no amulet)
                                h - ring of poison resistance
                                d - +2 ring of protection

@: about to teleport
A: no striking features
a: Renounce Religion


You were on level 9 of the Dungeon.
You worshipped Vehumet.
Vehumet was pleased with you.
You were not hungry.

You visited 2 branches of the dungeon, and saw 10 of its levels.

You collected 405 gold pieces.

Inventory:

Hand Weapons
 g - a +1 dagger (weapon)
Missiles
 A - an arrow
Armour
 a - a +0 robe (worn)
 v - a +1 pair of boots (worn)
 w - a +0 cloak (worn)
 F - a +1 hat (worn)
Jewellery
 d - a +2 ring of protection (left hand)
 h - a ring of poison resistance (right hand)
 x - an uncursed ring of teleportation
Wands
 n - a wand of flame (15/48)
 q - a wand of iceblast (9/15)
 y - a wand of teleportation (1/9)
 C - a wand of iceblast (8/15)
 E - a wand of enslavement (13/24)
Scrolls
 f - a scroll of teleportation
 l - 2 scrolls of amnesia
 p - 2 scrolls of remove curse
 B - a scroll of holy word {unknown}
 D - a scroll of blinking {unknown}
Potions
 e - 4 potions of brilliance
 m - a potion of cure mutation
 t - a potion of flight {unknown}
 z - a potion of lignification {unknown}
 G - a potion of degeneration {unknown}
Books
 b - a book of Conjurations

   Spells                             Type                      Level
   a - Magic Dart                     Conjuration                  1
   b - Searing Ray                    Conjuration                  2
   c - Dazzling Spray                 Conjuration/Hexes            3
   d - Fulminant Prism                Conjuration/Hexes            4
   e - Iskenderun's Mystic Blast      Conjuration                  4
   f - Iskenderun's Battlesphere      Conjuration/Charms           5
 j - a book of Minor Magic

   Spells                             Type                      Level
   a - Magic Dart                     Conjuration                  1
   b - Blink                          Translocation                2
   c - Call Imp                       Summoning                    2
   d - Repel Missiles                 Charms/Air                   2
   e - Slow                           Hexes                        2
   f - Conjure Flame                  Conjuration/Fire             3
   g - Mephitic Cloud                 Conjuration/Poison/Air       3
 r - a book of Battle

   Spells                             Type                      Level
   a - Infusion                       Charms                       1
   b - Shroud of Golubria             Charms/Translocation         2
   c - Song of Slaying                Charms                       2
   d - Spectral Weapon                Hexes/Charms                 3
   e - Regeneration                   Charms/Necromancy            3
Comestibles
 c - 4 bread rations
 i - a royal jelly
 k - 6 meat rations
 o - a slice of pizza
 s - 3 fruits
 u - a beef jerky


   Skills:
 + Level 1.2 Fighting
 + Level 2.1 Short Blades
 + Level 4.4 Dodging
 + Level 6.7 Stealth
 + Level 11.4 Spellcasting
 + Level 10.1 Conjurations
 + Level 0.2 Translocations
 + Level 1.5 Air Magic
 + Level 2.0 Poison Magic


You had 10 spell levels left.
You knew the following spells:

 Your Spells              Type           Power        Failure   Level  Hunger
a - Magic Dart            Conj           ####         1%          1    None
b - Searing Ray           Conj           ######       1%          2    None
c - Iskenderun's Mystic   Conj           ######..     1%          4    None
d - Iskenderun's Battles  Conj/Chrm      #####...     21%         5    ####...
e - Conjure Flame         Conj/Fire      #####...     1%          3    None
f - Mephitic Cloud        Conj/Pois/Air  #####...     2%          3    None
g - Blink                 Tloc           N/A          8%          2    None


Dungeon Overview and Level Annotations

Branches:
Dungeon (9/15)             Temple (1/1) D:5
   Lair: D:8-11         Orc: D:9-12

Altars:
Cheibriados
Dithmenos
Fedhas
Gozag
Makhleb
Nemelex Xobeh
Okawaru
Qazlal
Ru
Trog
Uskayaw
Vehumet
Xom
The Shining One


Message History

Aiming: Searing Ray
Press: ? - help, Shift-Dir - straight line, f - bullfrog
Aim: a bullfrog (hasn't noticed you)
The searing ray hits the bullfrog.
The bullfrog is lightly wounded.
The bullfrog croaks.
The centaur shoots an arrow.
The arrow hits you.
* * * LOW HITPOINT WARNING * * *
The bullfrog barely misses you.
A - an arrow The centaur shoots an arrow.
The arrow hits you.
* * * LOW HITPOINT WARNING * * *
The bullfrog misses you.
The centaur shoots an arrow.
The arrow hits you!
* * * LOW HITPOINT WARNING * * *
The bullfrog hits you.
* * * LOW HITPOINT WARNING * * *
Okay, then.
As you read the scroll of teleportation, it crumbles to dust.
You feel strangely unstable.
The centaur shoots an arrow.
The arrow hits you!
You die...

♣≈≈P≈≈≈≈c≈;♣.#
♣PP≈≈≈≈.♣≈..#
#♣♣♣♣♣......#
#..(c### #....#
###.## ##.###
###....######
#.@F........#
.......#....####..#
.#######....#
#....# #....#
#....# #....#
#....# #....#


You could see a bullfrog and a centaur.

Vanquished Creatures
  An ugly thing (D:9)
  Grinder (D:4)
  Edmund (D:4)
  3 orc warriors
  A phantom (D:8)
  An ice beast (D:5)
  3 ogres
  3 centaurs
  2 bullfrogs
  A wyvern skeleton (D:6)
  5 scorpions
  7 killer bees
  6 howler monkeys
  2 electric eels (D:9)
  2 crimson imps
  5 hounds
  An iguana (D:4)
  4 worker ants
  3 orc wizards
  2 killer bee zombies (D:7)
  A hound skeleton (D:5)
  7 gnolls (D:6)
  8 adders
  2 shadow imps
  2 oozes
  An adder zombie (D:8)
  3 adder skeletons
  2 worms (D:3)
  2 dart slugs
  5 leopard geckos
  16 orcs
  3 bats
  7 giant cockroaches
  3 goblins
  8 hobgoblins
  11 jackals
  9 kobolds
  9 quokkas
  2 ball pythons
  3 frilled lizards
  A giant cockroach zombie (D:6)
  A leopard gecko skeleton (D:4)
  4 quokka skeletons
  4 rats
168 creatures vanquished.

Vanquished Creatures (collateral kills)
  A bullfrog (D:8)
1 creature vanquished.

Vanquished Creatures (others)
  A centaur (D:8)
  A crimson imp (D:5)
2 creatures vanquished.

Grand Total: 171 creatures vanquished

Notes
Turn   | Place    | Note
-------+----------+-------------------------------------------
     0 | D:1      | grisgris the Deep Elf Conjurer began the quest for the Orb.
     0 | D:1      | Reached XP level 1. HP: 10/10 MP: 6/6
   152 | D:1      | Reached XP level 2. HP: 15/15 MP: 2/8
   156 | D:1      | Learned a level 2 spell: Searing Ray
   387 | D:2      | Reached skill level 5 in Conjurations
   538 | D:3      | Reached XP level 3. HP: 19/19 MP: 3/9
  1042 | D:3      | Reached skill level 4 in Spellcasting
  1494 | D:2      | Reached XP level 4. HP: 24/24 MP: 8/12
  1869 | D:4      | Noticed Grinder
  1874 | D:4      | Paralysed by Grinder for 3 turns
  1880 | D:4      | Killed Grinder
  1880 | D:4      | Reached skill level 5 in Spellcasting
  1880 | D:4      | Reached XP level 5. HP: 4/28 MP: 1/15
  1880 | D:4      | Reached XP level 6. HP: 4/32 MP: 1/16
  2035 | D:4      | Reached skill level 6 in Spellcasting
  2085 | D:4      | Learned a level 4 spell: Iskenderun's Mystic Blast
  2091 | D:4      | Learned a level 5 spell: Iskenderun's Battlesphere
  2166 | D:4      | Noticed Edmund
  2177 | D:4      | Killed Edmund
  2868 | D:5      | Entered Level 5 of the Dungeon
  2868 | D:5      | Noticed an ice beast
  2883 | D:5      | Killed an ice beast
  2883 | D:5      | Reached XP level 7. HP: 16/36 MP: 8/19
  3176 | D:5      | Reached skill level 7 in Spellcasting
  3397 | D:5      | Reached skill level 5 in Stealth
  3677 | D:5      | Reached skill level 1 in Short Blades
  3779 | D:5      | Reached skill level 8 in Spellcasting
  3783 | D:5      | Reached XP level 8. HP: 28/41 MP: 9/22
  4486 | D:5      | Found a staircase to the Ecumenical Temple.
  4495 | Temple   | Entered the Ecumenical Temple
  4612 | Temple   | Became a worshipper of Vehumet
  4837 | D:6      | HP: 2/41 [orc warrior/halberd (5)]
  5003 | D:6      | Reached skill level 9 in Spellcasting
  5041 | D:6      | Reached * piety under Vehumet
  5041 | D:6      | Offered knowledge of Sting by Vehumet.
  5712 | D:7      | Reached skill level 1 in Fighting
  5752 | D:7      | Learned a level 3 spell: Conjure Flame
  5756 | D:7      | Learned a level 3 spell: Mephitic Cloud
  5759 | D:7      | Learned a level 2 spell: Blink
  5826 | D:8      | HP: 2/43 [centaur/arrow (5)]
  6193 | D:8      | Found a blossoming altar of Fedhas.
  6195 | D:8      | Reached XP level 9. HP: 47/47 MP: 15/24
  6275 | D:8      | Found a bloodstained altar of Trog.
  6287 | D:8      | Reached skill level 10 in Spellcasting
  6760 | D:8      | Found an opulent altar of Gozag.
  6915 | D:8      | Reached skill level 1 in Poison Magic
  7173 | D:8      | Found an iron altar of Okawaru.
  7184 | D:8      | Reached ** piety under Vehumet
  7184 | D:8      | Offered knowledge of Sandblast by Vehumet.
  7308 | D:8      | Found a sacrificial altar of Ru.
  7308 | D:8      | Found a stormy altar of Qazlal.
  7311 | D:8      | Found a glowing golden altar of the Shining One.
  7484 | D:9      | Noticed a green ugly thing
  7495 | D:9      | Killed a green ugly thing
  7495 | D:9      | Reached skill level 11 in Spellcasting
  7495 | D:9      | Reached skill level 10 in Conjurations
  7495 | D:9      | Reached skill level 1 in Air Magic
  7855 | D:9      | HP: 2/47 [bullfrog (3)]
  7856 | D:9      | Shot with an arrow by a centaur

Skill      XL: |  1  2  3  4  5  6  7  8  9 |
---------------+----------------------------+-----
Conjurations   | 5 6 7 8 10 | 10.1
Spellcasting   | 4 5 6 8 9 11 | 11.4
Stealth        | 3 4 5 6 |  6.7
Short Blades   | 1 2 |  2.1
Dodging        | 4 |  4.4
Fighting       | 1 |  1.2
Poison Magic   | 2 |  2.0
Air Magic      | 1 |  1.5
Translocations | |  0.2

Action                   |  1- 3 |  4- 6 |  7- 9 || total
-------------------------+-------+-------+-------++-------
Melee: Dagger            |     1 |     5 |    12 ||    18
 Cast: Magic Dart        |    77 |    47 |    86 ||   210
       Searing Ray       |     3 |    11 |    39 ||    53
       Iskenderun's Myst |       |       |    55 ||    55
       Mephitic Cloud    |       |       |    19 ||    19
       Blink             |       |       |     1 ||     1
       Iskenderun's Batt |       |       |     1 ||     1
  Use: Scroll            |     7 |     2 |     7 ||    16
       Potion            |       |     1 |     5 ||     6
 Stab: Sleeping          |       |     5 |     1 ||     6
       Confused          |       |       |     2 ||     2
  Eat: Chunk             |     1 |     4 |    13 ||    18
       Fruit             |       |       |     5 ||     5
Armor: Robe              |     2 |     1 |    20 ||    23
Dodge: Dodged            |    11 |     8 |    58 ||    77
